 Dungeon Crawl Stone Soup version 0.22.1-2-g9c5b331 (webtiles) character file.

333 Gearfox the Stinger (level 6, 0/32 HPs)
             Began as a Deep Elf Venom Mage on Dec 12, 2018.
             Succumbed to a scorpion's poison
             ... on level 4 of the Dungeon.
             The game lasted 00:12:41 (5041 turns).

Gearfox the Stinger (Deep Elf Venom Mage)           Turns: 5041, Time: 00:12:42

Health: 0/32       AC:  8    Str:  5    XL:     6   Next: 27%
Magic:  6/15       EV: 13    Int: 22    God:
Gold:   171        SH:  0    Dex: 15    Spells: 5/15 levels left

rFire    . . .     SeeInvis .   d - +2 mace (protect)
rCold    . . .     Gourm    +   (no shield)
rNeg     . . .     Faith    .   a - +0 robe
rPois    .         Spirit   .   (no helmet)
rElec    .         Reflect  .   (no cloak)
rCorr    .         Harm     .   k - +0 pair of gloves
MR       .....                  i - +0 pair of boots
Stlth    ++........             f - amulet of the gourmand
HPRegen  0.10/turn              g - +4 ring of protection
MPRegen  0.14/turn              (no ring)

@: lethally poisoned (0 -> -4), very slightly contaminated
A: no striking features
a: no special abilities


You were on level 4 of the Dungeon.
You were completely stuffed.

You visited 1 branch of the dungeon, and saw 4 of its levels.

You collected 171 gold pieces.

Inventory:

Hand Weapons
 d - a +2 mace of protection (weapon)
Armour
 a - a +0 robe (worn)
 i - a +0 pair of boots (worn)
 k - a +0 pair of gloves (worn)
Jewellery
 f - an amulet of the gourmand (around neck)
 g - a +4 ring of protection (left hand)
Wands
 l - a wand of digging (9)
Scrolls
 b - 3 scrolls of identify
 j - 2 scrolls of remove curse
 o - a scroll of amnesia {unknown}
 p - a scroll of immolation {unknown}
 q - a scroll of teleportation
Potions
 e - a potion of flight
 h - a potion of magic
 m - a potion of lignification
Comestibles
 c - 6 rations
 n - a chunk of flesh


   Skills:
 - Level 2.4 Dodging
 - Level 2.4 Stealth
 + Level 5.0 Spellcasting
 + Level 1.4 Conjurations
 + Level 3.0 Air Magic
 * Level 5.9 Poison Magic


You had 5 spell levels left.
You knew the following spells:

 Your Spells              Type           Power        Failure   Level  Hunger
a - Sting                 Conj/Pois      ###.         2%          1    None
b - Poisonous Vapours     Pois/Air       ####..       2%          2    None
c - Mephitic Cloud        Conj/Pois/Air  ###.....     8%          3    ##.....
d - Olgreb's Toxic Radia  Pois           ####....     9%          4    ####...

Your spell library contained the following spells:

 Spells                   Type           Power        Failure   Level  Hunger
 Venom Bolt               Conj/Pois      ###.......   52%         5    #####..


Dungeon Overview and Level Annotations

Branches:
Dungeon (4/15)
 Temple: D:4-7

Altars:
Gozag
Hepliaklqana
Kikubaaqudgha


Message History

Casting: Sting (safe; 2% risk of failure)
Confirm with . or Enter, or press ? or * to list all spells.
Aiming: Poisonous Vapours (safe; 2% risk of failure)
Press: ? - help, Dir - move target cursor, f/p - scorpion
Aim: a scorpion (heavily wounded) Poisonous vapours surround the scorpion!
The scorpion is engulfed in poison gas.
The scorpion is poisoned.
You kill the scorpion!
Your Spellcasting skill increases to level 5!
Your Air Magic skill increases to level 3!
Okay, then.
Okay, then.
Okay, then.
* * * LOW HITPOINT WARNING * * *
You feel sick.
* * * LOW HITPOINT WARNING * * *
You feel sick.
* * * LOW HITPOINT WARNING * * *
You feel sick.
You die...

#........ #.# #......#
#.# #..# #.# #..# #.#
#..# #.# #..# #.#
#..########.## ### #
#..#.........# ...
#.#.[@......#..# ###.
#.##.....##.#..# #...
###........##.#..# #...
#..........##.#..# #...
#.####.....##.#..# #...
#.####.....##.#..####...
#..........##.#.........
#####......##.##........
#.#..####.##########


There were no monsters in sight!

Vanquished Creatures
  A scorpion (D:4)
  2 orc priests (D:4)
  2 orc wizards
  Terence (D:2)
  Robin (D:3)
  2 adders
  An ooze (D:2)
  3 worms (D:3)
  3 dart slugs
  2 leopard geckos
  5 orcs
  2 ball pythons (D:3)
  3 giant cockroaches
  16 goblins
  8 hobgoblins
  12 kobolds
  A quokka (D:2)
  5 bats
  9 frilled lizards
  A leopard gecko zombie (D:3)
  A quokka skeleton (D:4)
  11 rats
92 creatures vanquished.

Notes
Turn   | Place    | Note
-------+----------+-------------------------------------------
     0 | D:1      | Gearfox the Deep Elf Venom Mage began the quest for the
                  | Orb.
     0 | D:1      | Reached XP level 1. HP: 10/10 MP: 6/6
    80 | D:1      | You fall through a shaft!
   114 | D:2      | Reached XP level 2. HP: 15/15 MP: 2/8
   118 | D:2      | Learned a level 2 spell: Poisonous Vapours
   192 | D:2      | Found a hazy altar of Hepliaklqana.
  1074 | D:1      | Reached XP level 3. HP: 19/19 MP: 6/9
  1539 | D:2      | Reached skill level 1 in Air Magic
  1777 | D:2      | Noticed Terence
  1783 | D:2      | Killed Terence
  1783 | D:2      | Reached XP level 4. HP: 24/24 MP: 3/11
  2317 | D:3      | Noticed Robin
  2454 | D:3      | Killed Robin
  2889 | D:3      | Learned a level 3 spell: Mephitic Cloud
  2957 | D:3      | Found an opulent altar of Gozag.
  2958 | D:3      | Reached XP level 5. HP: 26/28 MP: 9/13
  3052 | D:3      | Reached skill level 5 in Poison Magic
  3713 | D:3      | Found an ancient bone altar of Kikubaaqudgha.
  4668 | D:3      | Learned a level 4 spell: Olgreb's Toxic Radiance
  4679 | D:4      | Reached XP level 6. HP: 31/32 MP: 0/15
  5034 | D:4      | Reached skill level 5 in Spellcasting
  5039 | D:4      | HP: 1/32 [poisoned by a scorpion]
  5041 | D:4      | Succumbed to a scorpion's poison

Skill      XL: |  1  2  3  4  5  6 |
---------------+-------------------+-----
Poison Magic   | 4 5 |  5.9
Air Magic      | 1 2 3 |  3.0
Spellcasting   | 4 5 |  5.0
Dodging        | |  2.4
Stealth        | |  2.4
Conjurations   | |  1.4

Action                   |  1- 3 |  4- 6 || total
-------------------------+-------+-------++-------
Melee: Unarmed           |     6 |     3 ||     9
       Mace              |       |    15 ||    15
 Cast: Sting             |    14 |    19 ||    33
       Poisonous Vapours |    37 |    58 ||    95
       Olgreb's Toxic Ra |       |     3 ||     3
Evoke: Wand              |       |     1 ||     1
  Use: Scroll            |     3 |     7 ||    10
  Eat: Chunk             |    13 |    16 ||    29
Armor: Robe              |    12 |    32 ||    44
Dodge: Dodged            |    14 |    61 ||    75
